 Dungeon Crawl Stone Soup version 0.27.1 (webtiles) character file.

Game seed: 15235635946276523009

125945 bnorton916 the Devastator (level 16, -4/80 HPs)
             Began as a Deep Elf Conjurer on Sept 1, 2021.
             Was a High Priest of Vehumet.
             Shot with an arrow by a naga sharpshooter (29 damage)
             ... on level 2 of the Snake Pit on Sept 2, 2021.
             The game lasted 01:47:25 (51081 turns).

bnorton916 the Devastator (Deep Elf Conjurer)      Turns: 51081, Time: 01:47:26

Health: -4/80      AC: 10    Str:  6    XL:     16   Next: 42%
Magic:  18/40      EV: 15    Int: 29    God:    Vehumet [*****.]
Gold:   939        SH:  6    Dex: 13    Spells: 4/33 levels left

rFire    + + .     SeeInvis +   V - staff of conjuration
rCold    + + .     Faith    .   H - +1 buckler
rNeg     + . .     Spirit   .   G - +2 robe {rC+ rF+}
rPois    +         Reflect  .   L - -2 hat of the Alchemist {rElec rPois rF+ rC+ rN+ Will+ rMut rCorr}
rElec    +         Harm     .   W - +2 cloak {Will+}
rCorr    +         Rampage  .   x - +2 pair of gloves
rMut     +                      B - +0 pair of boots
Will     +++..                  Z - amulet of the acrobat
Stlth    ++........             U - ring of see invisible
HPRegen  0.23/turn              i - ring of magical power
MPRegen  0.27/turn

@: radiating poison
A: no striking features
a: Renounce Religion


You were on level 2 of the Snake Pit.
You worshipped Vehumet.
Vehumet was extremely pleased with you.
You visited 5 branches of the dungeon, and saw 25 of its levels.

You collected 3243 gold pieces.
You spent 2304 gold pieces at shops.

Inventory:

Missiles
 Q - 464 stones
Armour
 x - a +2 pair of gloves (worn)
 B - a +0 pair of boots (worn)
 G - a +2 robe of resistance (worn)
 H - a +1 buckler (worn)
 L - the -2 hat of the Alchemist (worn) {rElec rPois rF+ rC+ rN+ Will+ rMut rCorr}
   (You found it on level 1 of the Orcish Mines)

   rF:        It protects you from fire.
   rC:        It protects you from cold.
   rElec:     It insulates you from electricity.
   rPois:     It protects you from poison.
   rN:        It protects you from negative energy.
   rCorr:     It protects you from acid and corrosion.
   rMut:      It protects you from mutation.
   Will:      It increases your willpower.
 R - the +2 hood of the Assassin {Detection Stab+ Stlth++}
   (You found it on level 1 of the Orcish Mines)

   It allows the wearer to sense nearby creatures.
   It allows the wearer to make particularly effective stabbing attacks against
   helpless or unaware enemies with any weapon.
   Stlth:     It makes you much more stealthy.
 W - a +2 cloak of willpower (worn)
Magical Staves
 V - a staff of conjuration (weapon)
Jewellery
 i - a ring of magical power (right hand)
 l - a ring of willpower
 y - a ring of flight
 U - a ring of see invisible (left hand)
 Z - an amulet of the acrobat (around neck)
Wands
 p - a wand of digging (12)
 r - a wand of iceblast (18)
 C - a wand of polymorph (8)
 J - a wand of charming (33)
 N - a wand of flame (137)
Scrolls
 b - 9 scrolls of teleportation
 h - 2 scrolls of enchant armour
 m - 2 scrolls of fog
 t - 3 scrolls of magic mapping
 u - 2 scrolls of enchant weapon
 v - 6 scrolls of identify
 D - 2 scrolls of summoning
 F - 3 scrolls of blinking
 I - 3 scrolls of noise
 M - a scroll of holy word
 X - a scroll of fear
Potions
 c - 2 potions of invisibility
 d - 13 potions of curing
 e - 7 potions of haste
 f - 2 potions of ambrosia
 g - a potion of mutation
 j - 7 potions of brilliance
 n - 5 potions of might
 q - 11 potions of flight
 s - 2 potions of resistance
 w - 4 potions of lignification
 z - a potion of attraction
 A - 4 potions of berserk rage
 K - a potion of magic
 S - 3 potions of heal wounds
Miscellaneous
 a - a phantom mirror


   Skills:
 - Level 2.2 Fighting
 - Level 5.4 Armour
 - Level 8.4 Dodging
 - Level 2.4 Stealth
 - Level 4.0 Shields
 - Level 9.2 Spellcasting
 + Level 18.0 Conjurations
 - Level 11.5 Hexes
 - Level 9.8 Translocations
 - Level 7.8 Ice Magic
 - Level 2.0 Air Magic
 + Level 11.7 Earth Magic
 - Level 12.8 Poison Magic


You had 4 spell levels left.
You knew the following spells:

 Your Spells              Type           Power      Damage    Failure   Level
a - Stone Arrow           Conj/Erth      100%       3d13      1%          3
b - Searing Ray           Conj           100%       3d7       0%          2
c - Fulminant Prism       Conj/Hex       49%        3d21      1%          4
d - Iskenderun's Mystic   Conj/Tloc      96%        2d19      1%          4
e - Sandblast             Erth           100%       2d20      1%          1
f - Freezing Cloud        Conj/Ice/Air   39%        6-21      1%          5
g - Olgreb's Toxic Radia  Pois           73%        N/A       1%          4
h - Iron Shot             Conj/Erth      49%        9d9       1%          6

Your spell library contained the following spells:

 Spells                   Type           Power      Damage    Failure   Level
 Iskenderun's Battlesphe  Conj           100%       2d15      1%          5
 Magic Dart               Conj           100%       1d8       0%          1
 Shock                    Conj/Air       100%       1d9       1%          1
 Sting                    Tmut/Pois      100%       1d8       1%          1
 Passwall                 Tmut/Erth      39%        N/A       1%          2
 Poisonous Vapours        Pois/Air       100%       N/A       1%          2
 Static Discharge         Conj/Air       82%        N/A       1%          2
 Dazzling Flash           Conj/Hex       100%       N/A       1%          3
 Mephitic Cloud           Conj/Pois/Air  86%        N/A       1%          3
 Summon Guardian Golem    Hex/Summ       46%        N/A       1%          3
 Leda's Liquefaction      Hex/Erth       34%        N/A       1%          4
 Sticky Flame             Conj/Fire      78%        2d9       1%          4
 Animate Skeleton         Necr           26%        N/A       4%          1
 Summon Small Mammal      Summ           52%        N/A       4%          1
 Corpse Rot               Necr/Air       N/A        N/A       4%          2
 Swiftness                Air            24%        N/A       5%          3
 Airstrike                Air            12%        N/A       5%          4
 Call Imp                 Summ           13%        N/A       6%          2
 Call Canine Familiar     Summ           13%        N/A       12%         3
 Animate Dead             Necr           6%         N/A       38%         4
 Dispel Undead            Necr           13%        3d9       38%         4
 Statue Form              Tmut/Erth      31%        N/A       50%         6
 Borgnjor's Revivificati  Necr           6%         N/A       100%        8


Dungeon Overview and Level Annotations

Branches:
Dungeon (14/15)            Temple (1/1) D:4            Lair (6/6) D:10
 Shoals (0/4) Lair:3        Snake (2/4) Lair:3        Slime (0/5) Lair:6
    Orc (2/2) D:11            Elf (0/3) Orc:2        Vaults (0/5) D:13

Altars:
Ashenzari
Cheibriados
Dithmenos
Elyvilon
Fedhas
Gozag
Hepliaklqana
Kikubaaqudgha
Makhleb
Nemelex Xobeh
Okawaru
Qazlal
Ru
Sif Muna
Trog
Uskayaw
Vehumet
Wu Jian
Xom
Yredelemnul
Zin
The Shining One

Shops:
D:8 ?   D:10 !   Orc:2 [*:(([?[[   Snake:1 =   Snake:2 *

Annotations:
D:14 Frances


Message History

The naga sharpshooter is engulfed in freezing vapours.
The naga sharpshooter casts a spell.
The naga sharpshooter magically shoots an arrow.
The arrow hits you!
A naga mage and a salamander come into view.
The naga mage shouts!
The naga is engulfed in freezing vapours.
The naga sharpshooter is engulfed in freezing vapours.
The naga sharpshooter unwields a +0 trident.
The naga sharpshooter wields a +0 arbalest.
The naga sharpshooter casts a spell.
The naga sharpshooter magically shoots a bolt.
The bolt completely misses you.
The naga sharpshooter is engulfed in freezing vapours.
The naga mage moves out of view.
A salamander comes into view. It is wielding a +0 trident.
Unknown command.
Casting: Freezing Cloud (dangerous; 1% risk of failure)
Confirm with . or Enter, or press ? or * to list all spells.
Aiming: Iron Shot (dangerous; 1% risk of failure)
Press: ? - help, Shift-Dir - straight line, f - naga
Aim: a naga, wielding a +0 scimitar (heavily wounded, 78% to hit)
You feel a surge of power!
The iron shot hits the naga!!!
You kill the naga!
Vehumet accepts your kill.
You feel your power returning.
The naga sharpshooter is engulfed in freezing vapours.
The naga sharpshooter spits poison at you.
The splash of poison hits you. You resist.
Casting: Iron Shot (dangerous; 1% risk of failure)
Confirm with . or Enter, or press ? or * to list all spells.
You begin to radiate toxic energy.
The salamander is poisoned. x2
The salamander looks even sicker. x2
The naga sharpshooter is engulfed in freezing vapours.
The naga sharpshooter gestures wildly while chanting.
The naga sharpshooter magically shoots a bolt.
The bolt hits you!!
The naga sharpshooter is engulfed in freezing vapours.
The naga sharpshooter shoots an arrow.
The arrow hits you!!
You die...

#.....#,,,,,,,N**,,,,,*,,,**,,,,*
#.....#####,,,,.#######.,,*,,,,,*
#.........##*,,N§§.§§§N.,**,,,,,,
...........#***N§§.8§§§.**,,,,,,,
..########.#####§...§N§#***,,,,,,
#.########..##.#.8.)§8§# *<,,,**
#.............##.......#* *,,,,**
.......####.###....8....***,,,,**
..........#.##..@.......,,***,,**
.###......#.#...#######.,,,,*****
...#.......##...#####.##,,,,,,,,*
..##.......'.8.##......###,,,,>,*
..........##...#.........#***,,,*
#####.....###'##.......### *****
....+.....##.........^.# *,,,
#####..................#######,,,
#####.................)..#,,,


You could see 2 naga sharpshooters and 2 salamanders.

Vanquished Creatures
  Jorgrun (D:13)
  Asterion (Snake:2)
  A nagaraja (Snake:1)
  An orc warlord (Orc:1)
  Azrael (D:13)
  Snorg (Orc:2)
  Josephine (D:11)
  The ghost of Konebred the Covert, a journeyman SpEn of Uskayaw (Lair:6)
  Erolcha (Orc:1)
  5 boulder beetles
  Harold (D:7)
  4 naga warriors
  A vault guard (D:13)
  8 hydras
  13 anacondas
  4 centaur warriors
  A death knight (D:13)
  5 two-headed ogres
  3 tengu warriors (D:13)
  An orc high priest (Orc:1)
  5 naga sharpshooters
  A shock serpent (Snake:2)
  Sonja (Orc:2)
  A fire crab (shapeshifter) (D:13)
  8 sea snakes (Snake:1)
  3 naga ritualists
  A deep elf pyromancer (Orc:1)
  4 orc knights (Orc:2)
  The ghost of OhItsWolfy the Cleaver, a novice HOFi (D:6)
  A deep elf zephyrmancer (Orc:1)
  2 mana vipers (Snake:1)
  3 ugly things (D:13)
  2 orc sorcerers (Orc:1)
  6 oklob plants
  3 salamanders
  15 elephants
  A manticore (D:13)
  A merfolk siren (Lair:3)
  Maurice (D:10)
  21 black mambas
  3 cyclopes
  6 naga magi
  23 cane toads
  A guardian serpent (Snake:2)
  3 rime drakes
  3 unseen horrors
  3 kobold demonologists (D:12)
  4 komodo dragons
  A yaktaur (D:13)
  A yaktaur (shapeshifter) (D:13)
  An efreet (D:13)
  6 trolls
  2 tyrant leeches (Lair:6)
  5 polar bears
  2 hornets
  8 slime creatures
  Grinder (D:5)
  30 blink frogs
  Sigmund (D:3)
  A vampire (D:13)
  A water elemental (D:13)
  3 wyverns
  32 yaks
  8 wraiths
  2 basilisks
  3 fire elementals (D:13)
  24 nagas
  8 vampire mosquitoes
  An acid dragon (shapeshifter) (D:13)
  3 wargs
  2 hell hounds (D:13)
  An acid dragon (D:11)
  20 water moccasins
  40 orc warriors
  A floating eye (shapeshifter) (D:13)
  A swamp drake (Orc:1)
  2 black bears
  3 ice beasts
  A sky beast (D:6)
  6 ogres
  A necrophage (D:4)
  36 wolves
  24 centaurs
  2 phantoms
  The ghost of Daunt the Insei, an amateur OpTm of Makhleb (D:3)
  6 kobold brigands
  22 bullfrogs
  Blork the orc (D:5)
  3 gnoll sergeants (D:11)
  A scorpion (D:10)
  A water moccasin skeleton (D:4)
  4 killer bees (D:9)
  9 electric eels
  A vampire bat (Lair:3)
  3 wights (D:7)
  3 howler monkeys
  A crimson imp (Orc:1)
  A bullfrog skeleton (D:5)
  18 orc priests
  Crazy Yiuf (D:6)
  A hound (D:6)
  A centaur skeleton (D:5)
  2 centaur zombies
  3 jellies
  A gnoll shaman (D:7)
  An iron imp (Orc:1)
  4 iguanas
  Ijyb (D:3)
  Natasha (thrice) (D:3)
  25 orc wizards
  A centaur simulacrum (D:6)
  2 hound skeletons (D:4)
  10 gnolls
  7 adders
  3 shadow imps
  5 white imps
  2 howler monkey simulacra (D:6)
  An ufetubus (D:6)
  2 worms (D:2)
  3 dart slugs
  64 orcs
  8 endoplasms
  A giant cockroach (D:3)
  4 hobgoblins
  22 kobolds
  3 quokkas
  7 ball pythons
  12 bats
  2 frilled lizards
  3 goblins
  3 rats (D:3)
749 creatures vanquished.

Vanquished Creatures (collateral kills)
  A vampire (D:7)
1 creature vanquished.

Vanquished Creatures (others)
  100 fulminant prisms
  64 fungi
  168 plants
332 creatures vanquished.

Grand Total: 1082 creatures vanquished

Notes
Turn   | Place    | Note
-------+----------+-------------------------------------------
     0 | D:1      | bnorton916 the Deep Elf Conjurer began the quest for the
                  | Orb.
     0 | D:1      | Reached XP level 1. HP: 10/10 MP: 6/6
   273 | D:1      | Reached XP level 2. HP: 15/15 MP: 0/8
   644 | D:1      | Found a faded altar of an unknown god.
  1148 | D:2      | Learned a level 2 spell: Searing Ray
  1736 | D:2      | Reached skill level 5 in Conjurations
  1736 | D:2      | Reached XP level 3. HP: 19/19 MP: 3/10
  2371 | D:3      | Noticed Natasha
  2376 | D:3      | Killed Natasha
  2377 | D:3      | Reached XP level 4. HP: 17/24 MP: 6/12
  2624 | D:3      | Reached skill level 5 in Spellcasting
  2656 | D:3      | Noticed Natasha
  2664 | D:3      | Killed Natasha
  2723 | D:3      | Noticed Natasha
  2730 | D:3      | Killed Natasha
  2731 | D:3      | Reached XP level 5. HP: 28/28 MP: 7/14
  2800 | D:3      | Found a runed translucent gate.
  2802 | D:3      | Found a runed translucent gate.
  2804 | D:3      | Noticed Daunt's ghost (amateur OpTm)
  2805 | D:3      | Found a runed translucent gate.
  2944 | D:3      | Noticed Sigmund
  2950 | D:3      | Killed Sigmund
  2951 | D:3      | Reached skill level 6 in Conjurations
  2951 | D:3      | Reached XP level 6. HP: 32/32 MP: 7/17
  2956 | D:3      | Learned a level 4 spell: Fulminant Prism
  2961 | D:3      | Learned a level 4 spell: Iskenderun's Mystic Blast
  3045 | D:3      | Noticed Ijyb
  3051 | D:3      | Killed Ijyb
  3053 | D:3      | Reached skill level 1 in Hexes
  3442 | D:4      | Reached skill level 1 in Translocations
  3795 | D:4      | Reached XP level 7. HP: 36/36 MP: 11/18
  4359 | D:4      | Found a staircase to the Ecumenical Temple.
  4377 | D:4      | Got the Reference Book on Dark Rites
  4402 | Temple   | Entered the Ecumenical Temple
  4507 | Temple   | Became a worshipper of Vehumet
  4716 | D:5      | Entered Level 5 of the Dungeon
  4736 | D:5      | You fall into a shaft and drop 2 floors!
  5144 | D:5      | Noticed Blork the orc
  5151 | D:5      | Killed Blork the orc
  5239 | D:5      | Reached skill level 5 in Hexes
  5659 | D:5      | Noticed Grinder
  5673 | D:5      | Killed Grinder
  5674 | D:5      | Reached skill level 5 in Translocations
  5674 | D:5      | Reached XP level 8. HP: 27/41 MP: 7/19
  7132 | D:6      | Reached XP level 9. HP: 29/45 MP: 13/20
  7373 | D:6      | Found a runed translucent door.
  7374 | D:6      | Noticed Crazy Yiuf
  7483 | D:6      | Killed Crazy Yiuf
  7780 | D:6      | Found a runed translucent gate.
  7780 | D:6      | Found a runed translucent gate.
  7780 | D:6      | Found a runed translucent gate.
  7810 | D:6      | Noticed OhItsWolfy's ghost (novice HOFi)
  8234 | D:7      | Reached * piety under Vehumet
  8234 | D:7      | Offered knowledge of Sandblast by Vehumet.
  8601 | D:7      | Reached skill level 10 in Hexes
  8615 | D:7      | Noticed Harold
  9153 | D:7      | Killed Harold
 10105 | D:8      | Reached XP level 10. HP: 50/50 MP: 8/21
 10125 | D:8      | Reached skill level 1 in Armour
 10425 | D:8      | Learned a level 1 spell: Sandblast
 10466 | D:8      | Reached ** piety under Vehumet
 10469 | D:8      | Offered knowledge of Foxfire by Vehumet.
 10551 | D:8      | Found Nudul's Magic Scroll Emporium.
 10556 | D:8      | Bought a scroll of noise for 13 gold pieces
 10556 | D:8      | Bought a scroll of identify for 26 gold pieces
 10556 | D:8      | Bought a scroll of identify for 26 gold pieces
 10556 | D:8      | Bought a scroll of identify for 26 gold pieces
 10606 | D:8      | Found an iron altar of Okawaru.
 10606 | D:8      | Found a shimmering altar of Xom.
 10606 | D:8      | Found a glowing silver altar of Zin.
 10608 | D:8      | Found a hazy altar of Hepliaklqana.
 10609 | D:8      | Found a white marble altar of Elyvilon.
 10963 | D:9      | Noticed a two-headed ogre
 10969 | D:9      | Killed a two-headed ogre
 10970 | D:9      | Reached skill level 5 in Dodging
 11263 | D:9      | Found an ornate altar of the Wu Jian Council.
 11559 | D:9      | Found a sparkling altar of Nemelex Xobeh.
 11559 | D:9      | Found a hide-covered altar of Uskayaw.
 11621 | D:10     | Entered Level 10 of the Dungeon
 11670 | D:10     | Noticed Maurice
 11680 | D:10     | Killed Maurice
 12386 | D:10     | Reached skill level 5 in Armour
 12416 | D:10     | Reached XP level 11. HP: 35/54 MP: 14/22
 12548 | D:10     | Offered knowledge of Conjure Flame by Vehumet.
 12698 | D:10     | Found a staircase to the Lair.
 12703 | D:10     | Reached skill level 1 in Earth Magic
 12839 | D:10     | Found Rigroemei's Distillery.
 12845 | D:10     | Bought a potion of heal wounds for 50 gold pieces
 13224 | D:10     | Found a glowing golden altar of the Shining One.
 13523 | D:10     | Reached *** piety under Vehumet
 13883 | D:8      | Bought a scroll of acquirement for 676 gold pieces
 13885 | D:8      | Acquired a staff of conjuration
 13952 | Lair:1   | Entered Level 1 of the Lair of Beasts
 14215 | Lair:1   | Identified the +1 robe of Decompression {Will- Str+4 SInv}
 14478 | Lair:1   | Reached skill level 5 in Earth Magic
 14641 | Lair:1   | Found an ornate altar of the Wu Jian Council.
 14641 | Lair:1   | Found a hide-covered altar of Uskayaw.
 14641 | Lair:1   | Noticed a boulder beetle
 14815 | Lair:2   | Offered knowledge of Stone Arrow by Vehumet.
 14825 | Lair:2   | Learned a level 3 spell: Stone Arrow
 16146 | Lair:2   | Noticed a boulder beetle
 16505 | Lair:2   | Got Buyllehy's Tome of Envenoming and the Rocks
 16511 | Lair:2   | Learned a level 4 spell: Olgreb's Toxic Radiance
 17237 | Lair:2   | Found a sacrificial altar of Ru.
 17540 | Lair:2   | Killed a boulder beetle
 18071 | Lair:1   | Killed a boulder beetle
 18072 | Lair:1   | Reached skill level 5 in Poison Magic
 18072 | Lair:1   | Reached XP level 12. HP: 15/59 MP: 18/23
 18706 | Lair:1   | Identified the +11 war axe of Hifrupizodo {flame, rN+ Str+2
                  | Dex+2 Stlth+}
 18871 | Lair:3   | Noticed a six-headed hydra
 18967 | Lair:3   | Killed a six-headed hydra
 18972 | Lair:3   | Noticed a six-headed hydra
 18977 | Lair:3   | Killed a six-headed hydra
 19263 | Lair:3   | Reached **** piety under Vehumet
 19338 | Lair:3   | Offered knowledge of Inner Flame by Vehumet.
 19342 | Lair:3   | Reached skill level 10 in Poison Magic
 20147 | Lair:3   | Noticed a six-headed hydra
 20173 | Lair:3   | Killed a six-headed hydra
 20602 | Lair:3   | Found a staircase to the Snake Pit.
 20839 | Lair:3   | Found a staircase to the Shoals.
 21383 | Lair:3   | Reached XP level 13. HP: 36/63 MP: 12/24
 23871 | Lair:4   | Reached skill level 1 in Fighting
 24006 | Lair:4   | HP: 3/64 [acid (11)]
 24461 | Lair:4   | Reached skill level 7 in Conjurations
 24927 | Lair:4   | Learned a level 5 spell: Freezing Cloud
 25140 | Lair:4   | Reached skill level 1 in Ice Magic
 25532 | Lair:5   | Reached skill level 1 in Air Magic
 25547 | Lair:5   | Reached ***** piety under Vehumet
 25547 | Lair:5   | Offered knowledge of Iron Shot by Vehumet.
 27163 | Lair:5   | Reached skill level 5 in Ice Magic
 27833 | Lair:6   | Entered Level 6 of the Lair of Beasts
 28613 | Lair:6   | Found a runed translucent door.
 28698 | Lair:6   | Noticed Konebred's ghost (journeyman SpEn)
 28761 | Lair:6   | Learned a level 6 spell: Iron Shot
 29008 | Lair:6   | Reached skill level 8 in Conjurations
 29020 | Lair:6   | Reached XP level 14. HP: 72/72 MP: 9/29
 29162 | Lair:6   | Reached skill level 9 in Conjurations
 29692 | Lair:6   | Identified the +5 chain mail "Goecw" {Will+}
 30235 | Lair:6   | Found a staircase to the Slime Pits.
 30554 | Lair:6   | Killed Konebred's ghost
 30555 | Lair:6   | Reached skill level 10 in Conjurations
 30879 | D:3      | Killed Daunt's ghost
 30989 | D:6      | Killed OhItsWolfy's ghost
 31218 | D:11     | Found a staircase to the Orcish Mines.
 31732 | D:11     | Offered knowledge of Irradiate by Vehumet.
 31802 | D:11     | Noticed Josephine
 31806 | D:11     | Killed Josephine
 31812 | D:11     | Reached skill level 11 in Conjurations
 32590 | Orc:1    | Entered Level 1 of the Orcish Mines
 32980 | Orc:1    | Noticed an orc warlord
 33278 | Orc:1    | HP: 2/72 [warg[an orc warlord] (9)]
 33654 | D:12     | Found a radiant altar of Vehumet.
 33684 | D:12     | Reached skill level 1 in Shields
 34290 | D:12     | Identified the +5 scale mail "Guumips" {Will+ rCorr}
 34425 | D:12     | Reached skill level 12 in Conjurations
 35446 | D:13     | Offered knowledge of Lee's Rapid Deconstruction by Vehumet.
 36579 | D:13     | Found a hazy altar of Hepliaklqana.
 36607 | D:13     | Reached skill level 13 in Conjurations
 37382 | D:13     | Found a shimmering blue altar of Sif Muna.
 37635 | D:13     | Reached XP level 15. HP: 39/76 MP: 14/30
 38176 | D:13     | Noticed Azrael
 38620 | D:13     | Noticed Jorgrun
 38625 | D:13     | Killed Jorgrun
 38626 | D:13     | Reached skill level 14 in Conjurations
 38909 | D:13     | Killed Azrael
 39195 | D:13     | Found a gate to the Vaults.
 39516 | Orc:1    | Killed an orc warlord
 39820 | Orc:1    | Noticed Erolcha
 39831 | Orc:1    | Killed Erolcha
 40116 | Orc:1    | Reached skill level 15 in Conjurations
 40364 | Orc:1    | Found the -2 hat of the Alchemist {rElec rPois rF+ rC+ rN+
                  | Will+ rMut rCorr}
 40364 | Orc:1    | Found the +2 hood of the Assassin {Detection Stab+ Stlth++}
 40369 | Orc:1    | Identified the +0 hat of the Crushed Heavens {rF++ rC-
                  | Dex+2 SInv}
 40664 | Orc:2    | Entered Level 2 of the Orcish Mines
 40664 | Orc:2    | Noticed Snorg
 40674 | Orc:2    | Killed Snorg
 41225 | Orc:2    | Found Xuddysam's Armour Shoppe.
 41597 | Orc:2    | Found a staircase to the Elven Halls.
 41602 | Orc:2    | Found Ekarph's Book Boutique.
 41612 | Orc:2    | Found Ziresmol's General Store.
 41675 | Orc:2    | Bought 2 potions of curing for 72 gold pieces
 41882 | Orc:2    | Found Puecarr's Armour Shop.
 42192 | Orc:2    | Found Cekap's Antique Armour Shoppe.
 42192 | Orc:2    | Found Juoj's Weapon Shop.
 42194 | Orc:2    | Found Esapikhiu's Antique Weapon Boutique.
 42196 | Orc:2    | Found Ozove's Magic Scroll Emporium.
 42208 | Orc:2    | Bought a scroll of blinking for 120 gold pieces
 42208 | Orc:2    | Bought a scroll of blinking for 120 gold pieces
 42208 | Orc:2    | Bought a scroll of teleportation for 48 gold pieces
 42208 | Orc:2    | Bought a scroll of teleportation for 48 gold pieces
 42208 | Orc:2    | Bought a scroll of acquirement for 832 gold pieces
 42211 | Orc:2    | Acquired 585 gold pieces
 42261 | Orc:2    | Noticed Sonja
 42264 | Orc:2    | Killed Sonja
 42574 | Orc:2    | Offered knowledge of Iskenderun's Battlesphere by Vehumet.
 43171 | Orc:2    | Found Baen's Antique Armour Boutique.
 43180 | Orc:2    | Bought a glowing cloak for 247 gold pieces
 43786 | D:14     | Noticed Frances
 44823 | Snake:1  | Entered Level 1 of the Snake Pit
 44863 | Snake:1  | Found Suoxtozu's Jewellery Boutique.
 44884 | Snake:1  | Reached skill level 16 in Conjurations
 46281 | Snake:1  | You fall into a shaft and drop 1 floor!
 46298 | Snake:2  | Reached skill level 17 in Conjurations
 47113 | Snake:1  | Reached skill level 10 in Earth Magic
 47410 | Snake:1  | Reached XP level 16. HP: 62/80 MP: 31/31
 47506 | Snake:1  | Found a runed translucent door.
 48481 | Snake:1  | Found a radiant altar of Vehumet.
 49704 | Snake:2  | Noticed Asterion
 49724 | Snake:2  | Killed Asterion
 50425 | Snake:2  | Found Nuutsud's Needful Niceties.
 50654 | Snake:2  | Reached skill level 18 in Conjurations
 51081 | Snake:2  | Shot with an arrow by a naga sharpshooter

Illustrated notes

Levels and vault maps discovered:
D:1:      dpeg_arrival_erosion, layout_loops_ring,
          shapermc_ecumenical_altar_petra
D:2:      layout_loops_ring, nrook_mini_vaults
D:3:      wander_river, layout_basic, gammafunk_ghost_split,
          chequers_decorated_corner, kennysheep_generic_room_2, uniq_natasha,
          uniq_ijyb, uniq_sigmund
D:4:      layout_loops_cross, minmay_temple_entry_proselytizer
D:5:      layout_basic, uniq_grinder, uniq_blork_the_orc
D:6:      layout_cave_pods, gammafunk_ghost_icy, uniq_crazy_yiuf_cottage
D:7:      layout_cave_pods, uniq_harold
D:8:      layout_gridville, grunt_temple_overflow_open, serial_shops,
          nicolae_square_shop
D:9:      layout_rooms, minitemple
D:10:     minmay_goldmine, layout_stronghold, nicolae_tso_swordbearing_angel,
          grunt_lair_entry_orc_guard_hut, serial_shops, shop_statue,
          uniq_maurice
D:11:     layout_rooms, kennysheep_orc_monster_closet_entryway, uniq_josephine
D:12:     layout_irregular_city, grunt_ministairs_1, corexii_corridor_pit,
          serial_bayou_pond_c, vehumet_altar_wand_db
D:13:     cheibrodos_quadrivalence, layout_long_grid, david_vaults_5,
          kennysheep_cluttered_room, hangedman_feature_mirror, uniq_azrael,
          uniq_jorgrun
D:14:     layout_basic, special_room [special_room_mythical_zoo],
          chequers_big_river, elyvilon_altar_1, uniq_frances
Temple:   dshaligram_water_room_temple
Lair:1:   layout_regular_city, st_stairs_9, serial_bayou_pond_e,
          nzn_masters_of_martial_movement, infiniplex_staircase_pool_2
Lair:2:   layout_hall_layers, basic_altar, gammafunk_lair_bear_cave,
          infiniplex_staircase_pool
Lair:3:   layout_regular_city, minmay_shoals_entry_lonely_mermaid,
          minmay_snake_entry_guardpost_small, roderic_batcave,
          grunt_megastairs_5
Lair:4:   layout_gridlike, minmay_lair_oklob_chamber, serial_bayou_shore_a
Lair:5:   layout_long_grid, serial_bayou, serial_bayou_ford_a,
          serial_bayou_lake_a, serial_bayou_lagoon_a, serial_bayou_shore_b,
          serial_bayou_lagoon_b
Lair:6:   minmay_lair_end_frog_pond, layout_misc_corridors,
          minmay_slime_entry_oklob_open, hellmonk_ghost_happy_afterlife,
          chequers_serial_rivers_marsh, nicolae_quartered_pool_little
Snake:1:  minmay_snake_river, layout_grid_maze, basic_altar,
          nicolae_take_the_stairs, lightli_airlock
Snake:2:  layout_basic, grunt_ministairs_8, nicolae_snake_gridmaze_waves,
          nicolae_alphabet_shops, lemuel_fruit_tree, grunt_megastairs_4,
          uniq_asterion
Orc:1:    layout_caves, hangedman_minor_magic, uniq_erolcha
Orc:2:    st_orc_rangers, layout_caves, serial_shops, shop, shop,
          nicolae_diamond_shop, nicolae_diamond_shop, nicolae_diamond_shop,
          uniq_snorg, uniq_sonja

Skill      XL: |  1  2  3  4  5  6  7  8  9 10 11 12 13 14 15 16 |
---------------+-------------------------------------------------+-----
Spellcasting   | 4 5 6 9 |  9.2
Conjurations   | 5 6 8 13 17 18 | 18.0
Hexes          | 3 6 9 11 | 11.5
Translocations | 2 5 7 9 |  9.8
Dodging        | 3 8 |  8.4
Armour         | 5 |  5.4
Earth Magic    | 9 10 11 | 11.7
Poison Magic   | 5 12 | 12.8
Fighting       | 2 |  2.2
Ice Magic      | 7 |  7.8
Air Magic      | 2 |  2.0
Shields        | 4 |  4.0
Stealth        | |  2.4

Action                   |  1- 3 |  4- 6 |  7- 9 | 10-12 | 13-15 | 16-18 || total
-------------------------+-------+-------+-------+-------+-------+-------++-------
Melee: Unarmed           |     3 |       |       |       |       |       ||     3
       Staff             |       |       |       |     8 |    22 |     1 ||    31
 Cast: Magic Dart        |    64 |    50 |    94 |   139 |    24 |       ||   371
       Searing Ray       |     1 |     8 |    39 |    59 |    36 |       ||   143
       Fulminant Prism   |       |       |    15 |    35 |    50 |       ||   100
       Iskenderun's Myst |       |       |    12 |    49 |    84 |    10 ||   155
       Sandblast         |       |       |       |    56 |    51 |     9 ||   116
       Stone Arrow       |       |       |       |    35 |   139 |    21 ||   195
       Olgreb's Toxic Ra |       |       |       |    19 |    87 |     1 ||   107
       Freezing Cloud    |       |       |       |       |   161 |    33 ||   194
       Iron Shot         |       |       |       |       |    52 |     9 ||    61
Evoke: Wand              |       |       |       |       |     1 |     3 ||     4
  Use: Scroll            |       |       |    16 |     6 |    12 |     1 ||    35
Armor: Robe              |       |       |     9 |    51 |    41 |     5 ||   106
Dodge: Dodged            |       |     7 |    24 |   143 |   293 |    25 ||   492
Block: Buckler           |       |       |       |       |    32 |     9 ||    41
